 Dungeon Crawl Stone Soup version 0.28.0-45-g0d030f2227 (webtiles) character file.

Game seed: 3350231153121598252

490 Kenran the Ruffian (level 7, -2/46 HPs)
             Began as an Octopode Fighter on Apr 24, 2022.
             Slain by a scorpion (6 damage)
             ... on level 5 of the Dungeon.
             The game lasted 00:08:34 (4204 turns).

Kenran the Ruffian (Octopode Fighter)               Turns: 4204, Time: 00:08:34

Health: -2/46      AC:  2    Str: 16    XL:     7   Next: 14%
Magic:  7/7        EV: 13    Int: 10    God:
Gold:   213        SH:  4    Dex: 13    Spells: 6/6 levels left

rFire   . . .      SeeInvis .     - Unarmed
rCold   . . .      Faith    .   a - +0 buckler
rNeg    . . .      Spirit   .   i - +1 hat
rPois   .          Reflect  .   (no amulet)
rElec   .          Harm     .   (no ring)
rCorr   .          Rampage  .   (no ring)
Will    .....                   (no ring)
Stlth   ++++......              (no ring)
HPRegen 0.15/turn               (no ring)
MPRegen 0.10/turn               (no ring)
                                (no ring)
                                (no ring)

@: lethally poisoned (-2 -> -15)
A: almost no armour, amphibious, 8 rings, camouflage 1, gelatinous body 1,
(nimble swimmer 1), tentacles
a: no special abilities


You were on level 5 of the Dungeon.
You visited 1 branch of the dungeon, and saw 5 of its levels.

You collected 213 gold pieces.

Inventory:

Armour
 a - a +0 buckler (worn)
 i - a +1 hat (worn)
Wands
 l - a wand of flame (11)
Scrolls
 d - a scroll of teleportation {unknown}
 e - 6 scrolls of identify {unknown}
 g - a scroll of holy word {unknown}
 h - 2 scrolls of fog {unknown}
 k - a scroll of enchant weapon {unknown}
 m - a scroll of brand weapon {unknown}
Potions
 b - a potion of might
 c - 2 potions of lignification {unknown}
 f - 3 potions of curing
 j - a potion of haste {unknown}
 n - a potion of attraction {unknown}
 o - a potion of cancellation {unknown}
 p - a potion of mutation {unknown}
 q - a potion of heal wounds {unknown}


   Skills:
 - Level 3.0 Fighting
 + Level 3.9 Dodging
 - Level 5.0 Stealth
 - Level 3.0 Shields
 * Level 6.0 Unarmed Combat


You had 6 spell levels left.
You didn't know any spells.
Your spell library contained the following spells:

 Spells                   Type           Power      Damage    Failure   Level
 Pain                     Necr           0%         1d4       45%         1
 Ensorcelled Hibernation  Hex/Ice        0%         N/A       58%         2
 Sublimation of Blood     Necr           0%         N/A       58%         2
 Wereblood                Tmut           0%         N/A       58%         2
 Portal Projectile        Hex/Tloc       0%         N/A       83%         3
 Spider Form              Tmut/Pois      0%         N/A       83%         3
 Anguish                  Hex/Necr       0%         N/A       99%         4
 Agony                    Necr           0%         N/A       100%        5
 Blade Hands              Tmut           0%         N/A       100%        5
 Excruciating Wounds      Necr           0%         N/A       100%        5
 Summon Hydra             Summ           0%         N/A       100%        7


Dungeon Overview and Level Annotations

Branches:
Dungeon (5/15)
 Temple: D:4-7

Altars:
Fedhas
Qazlal
Vehumet

Shops:
D:2 [

Annotations:
D:5 Prince Ribbit


Innate Abilities, Weirdness & Mutations

You cannot wear most types of armour.
You are amphibious.
You can wear up to eight rings at the same time.
Your skin changes colour to match your surroundings (Stealth+).
Your rubbery body absorbs attacks. (AC +1, EV +1)
((You are camouflaged when in or above water. (Stealth+)))
You have tentacles for arms and can constrict up to eight enemies at once.


Message History

The gnoll misses you.
You tentacle-slap the gnoll. You squeeze the gnoll.
The gnoll is almost dead.
You constrict the gnoll.
You kill the gnoll!
You start resting.
HP restored.
You climb downwards.
Level annotation: Prince Ribbit A water moccasin comes into view.
The scorpion stings you but does no damage.
The hound bites you. You block the scorpion's attack. The hound misses you.
The gnoll throws a throwing net.
The throwing net hits you.
You become entangled in the net!
There is a stone staircase leading up, spattered with blood here.
You see here a throwing net.
You struggle against the net.
The hound bites you. The scorpion stings you. The hound bites you.
You tear a large gash into the net.
The water moccasin hisses angrily.
The scorpion stings you.
You are poisoned.
The scorpion poisons you! The hound bites you. The scorpion stings you.
You are lethally poisoned!
The scorpion poisons you!
You struggle against the net.
You feel very sick. The hound bites you but does no damage.
The gnoll throws a boomerang.
The boomerang hits you but does no damage.
The scorpion stings you. The hound barely misses you.
You rip the net and break free!
* * * LOW HITPOINT WARNING * * *
You feel very sick. The scorpion stings you.
* * * LOW HITPOINT WARNING * * *
The hound misses you. You block the water moccasin's attack.
* * * LOW HITPOINT WARNING * * *
You feel very sick. The hound bites you but does no damage.
The scorpion stings you.
You die...

...###
.....##..###
.#.. ....# .....
##[## ###.
.#...#
.....##[[.###.##
......
................
##..........#...
#...#......# #
#...#.#....# #..
#h#...##. ...
#@....... .#.
#sS......#
.>..#....#
............
#...≈≈≈≈≈≈≈≈≈
#..≈≈gggh..
#.≈≈g....##
..≈.....##


You could see a water moccasin, a gnoll sergeant, a wolf, a scorpion, a hound
and 3 gnolls.

Vanquished Creatures
  A gnoll sergeant (D:5)
  A scorpion (D:5)
  A jelly (D:4)
  2 hounds (D:5)
  A gnoll shaman (D:5)
  3 orc wizards
  2 adders (D:3)
  4 gnolls
  2 ufetubi
  An adder skeleton (D:4)
  A worm (D:2)
  3 dart slugs (D:1)
  12 orcs
  5 ball pythons
  4 endoplasms
  3 giant cockroaches
  4 goblins
  11 hobgoblins
  5 jackals (D:3)
  A quokka (D:2)
  5 bats
  2 frilled lizards (D:3)
  8 kobolds
  4 rats
86 creatures vanquished.

Vanquished Creatures (others)
  4 plants (D:5)
4 creatures vanquished.

Grand Total: 90 creatures vanquished

Notes
Turn   | Place    | Note
-------+----------+-------------------------------------------
     0 | D:1      | Kenran the Octopode Fighter began the quest for the Orb.
     0 | D:1      | Reached XP level 1. HP: 16/16 MP: 1/1
   143 | D:1      | Reached skill level 1 in Stealth
   190 | D:1      | Reached XP level 2. HP: 21/21 MP: 2/2
   205 | D:1      | Found a faded altar of an unknown god.
   665 | D:1      | Reached skill level 3 in Unarmed Combat
   665 | D:1      | Reached XP level 3. HP: 22/26 MP: 3/3
  1261 | D:2      | Found Qafarr's Armour Shop.
  1735 | D:3      | Found a stormy altar of Qazlal.
  1740 | D:3      | Found a blossoming altar of Fedhas.
  1857 | D:3      | Reached XP level 4. HP: 15/31 MP: 4/4
  2061 | D:3      | Found a radiant altar of Vehumet.
  2189 | D:3      | Reached skill level 4 in Unarmed Combat
  2375 | D:3      | Reached XP level 5. HP: 34/36 MP: 5/5
  3364 | D:5      | Entered Level 5 of the Dungeon
  3370 | D:5      | Reached skill level 5 in Unarmed Combat
  3370 | D:5      | Reached XP level 6. HP: 22/42 MP: 6/6
  3611 | D:5      | Noticed Prince Ribbit
  3653 | D:5      | Reached skill level 5 in Stealth
  4049 | D:5      | Reached XP level 7. HP: 31/46 MP: 7/7
  4052 | D:5      | Reached skill level 6 in Unarmed Combat
  4204 | D:5      | Slain by a scorpion

Illustrated notes

Levels and vault maps discovered:
D:1:      eino_arrival_cavern_a, layout_loops_cross, basic_ecumenical_altar,
          st_stairs_1
D:2:      layout_loops_ring, serial_shops, shop
D:3:      layout_basic, mainiacjoe_overflow_tiny_flanked,
          mainiacjoe_overflow_boulevard, vehumet_altar_wand_db, minmay_quantized
D:4:      layout_cave_pools
D:5:      layout_cave_pools, mainiacjoe_overflow_concentric_impassable,
          serial_gnoll_camp, gnoll_camp_mini_doghouse, grums_kennel,
          gnoll_camp_mini_hut, gnoll_camp_huts_moat, gnoll_camp_mini_hut,
          gnoll_camp_mini_hut, serial_bayou_ford_a, uniq_prince_ribbit1

Skill      XL: |  1  2  3  4  5  6  7 |
---------------+----------------------+-----
Stealth        | 1 2 3 4 5 |  5.0
Unarmed Combat | 3 4 5 6 |  6.0
Fighting       | |  3.0
Dodging        | |  3.9
Shields        | |  3.0

Action                   |  1- 3 |  4- 6 |  7- 9 || total
-------------------------+-------+-------+-------++-------
Melee: Unarmed           |    95 |    92 |     7 ||   194
       Constrict         |    23 |    26 |     3 ||    52
       Tentacles         |    17 |    30 |     1 ||    48
       Punch             |     1 |     2 |       ||     3
Evoke: Wand              |       |     2 |       ||     2
  Use: Potion            |     1 |     1 |       ||     2
 Stab: Sleeping          |    13 |    10 |       ||    23
       Distracted        |     1 |       |       ||     1
Armor: Skin              |     8 |     6 |     4 ||    18
Dodge: Dodged            |    30 |    38 |    17 ||    85
Block: Buckler           |     9 |     5 |     4 ||    18
